 Dungeon Crawl Stone Soup version 0.27-a0-1324-ge0d8e047f6 (webtiles) character file.

Game seed: 14794810533969515315

151 Nattfarinn the Caller (level 5, 0/39 HPs)
             Began as a Barachi Summoner on June 23, 2021.
             Slain by an orc priest (3 damage)
             ... on level 3 of the Dungeon.
             The game lasted 00:08:00 (3474 turns).

Nattfarinn the Caller (Barachi Summoner)            Turns: 3474, Time: 00:08:00

Health: 0/39       AC:  4    Str: 10    XL:     5   Next: 33%
Magic:  2/17       EV: 12    Int: 16    God:
Gold:   107        SH:  0    Dex: 12    Spells: 3/9 levels left

rFire    + . .     SeeInvis .   o - +2 scythe (protect)
rCold    + . .     Faith    .   (shield currently unavailable)
rNeg     . . .     Spirit   .   p - +2 robe {rC+ rF+}
rPois    .         Reflect  .   (no helmet)
rElec    .         Harm     .   (no cloak)
rCorr    .         Rampage  .   (no gloves)
Will     .....                  (no boots)
Stlth    ++........             (no amulet)
HPRegen  0.13/turn              h - ring of wizardry
MPRegen  0.15/turn              j - ring of magical power

@: unable to hop, attractive, slow
A: amphibious, slowness 1, strong legs 1, +LOS
a: Hop


You were on level 3 of the Dungeon.
You visited 1 branch of the dungeon, and saw 3 of its levels.

You collected 107 gold pieces.

Inventory:

Hand Weapons
 d - a +1 short sword of venom
 o - a +2 scythe of protection (weapon)
Missiles
 b - 4 javelins
Armour
 a - a +0 robe
 c - a +0 buckler
 p - a +2 robe of resistance (worn)
Jewellery
 h - a ring of wizardry (left hand)
 j - a ring of magical power (right hand)
Wands
 n - a wand of acid (5)
Scrolls
 e - 4 scrolls of identify {unknown}
 i - a scroll of immolation {unknown}
 k - a scroll of holy word {unknown}
 m - a scroll of fog {unknown}


   Skills:
 + Level 2.5 Fighting
 - Level 1.2 Armour
 - Level 2.3 Dodging
 - Level 1.7 Stealth
 * Level 3.3 Shields
 - Level 2.5 Spellcasting
 - Level 5.4 Summonings


You had 3 spell levels left.
You knew the following spells:

 Your Spells              Type           Power      Damage    Failure   Level
a - Summon Small Mammal   Summ           76%        N/A       1%          1
b - Call Imp              Summ           19%        N/A       1%          2
c - Call Canine Familiar  Summ           19%        N/A       2%          3

Your spell library contained the following spells:

 Spells                   Type           Power      Damage    Failure   Level
 Summon Guardian Golem    Hex/Summ       10%        N/A       8%          3
 Summon Ice Beast         Ice/Summ       10%        N/A       26%         4
 Summon Lightning Spire   Summ/Air       10%        N/A       26%         4


Dungeon Overview and Level Annotations

Branches:
Dungeon (3/15)

Altars:


Innate Abilities, Weirdness & Mutations

You are amphibious.
You cover ground slowly.
You can hop short distances.
You have an extended range of vision and can be seen from far away.


Message History

Your crimson imp hits the orc priest but does no damage.
It was a potion of curing.
You feel better.
The endoplasm barely misses your crimson imp.
Your hound barely misses the orc priest.
The orc hits you with a +0 hand axe!
* * * LOW HITPOINT WARNING * * *
The orc priest hits you with a +0 club.
* * * LOW HITPOINT WARNING * * *
Your crimson imp hits the orc priest.
Blink to where?
Press: ? - help, Dir - move target, p - orc priest
As you read the scroll labelled RYZIPT BOMEM, it crumbles to dust.
It was a scroll of blinking.
Your crimson imp hits the orc priest.
The orc is pulled toward you! The orc priest is pulled toward you!
The orc is pulled toward you! The orc priest is pulled toward you!
You aren't carrying any potions.
Blink to where?
Press: ? - help, Dir - move target
As you read the scroll of blinking, it crumbles to dust.
The orc is pulled toward you!
Hop to where?
Press: ? - help, Dir - move target Boing!
The orc is pulled toward you!
Casting: Call Imp (safe; 1% risk of failure)
Confirm with . or Enter, or press ? or * to list all spells.
The orc is pulled toward you!
You swap places.
The orc barely misses your hound.
Your hound bites the orc.
The orc hits your hound with a +0 hand axe.
Your hound bites the orc.
The orc dies!
The orc priest is pulled toward you!
Casting: Call Canine Familiar (dangerous; 2% risk of failure)
Confirm with . or Enter, or press ? or * to list all spells.
A beastly little devil appears in a puff of frigid air.
The orc priest is pulled toward you!
Your white imp barely misses the orc priest.
You barely miss the orc priest.
The orc priest is heavily wounded.
Your hound bites the orc priest.
The orc priest hits you with a +0 club.
You die...

########.....##########
####.....<.........
###########
#......###########.
..†.......# #.##...# ##.
#########.#####.##...#####
#.. #................# #.#
###.###.##..####.# ##..
#.# #.....# #.# #.#. # #.#
#.@5..# #.# ##.# ##### #{#
#.o#.## #.# #.# ....# #.#
#.h#.# #.### #.# ###..
#.###..#.#####...## #.# $#
#.....).....###...###.#
..##.#
#####..#.#..).........#
...#.# #..#.#..###...#####
.8.#.# #.......# ##.##
...#.# ##.#.##.# #.#


You could see an orc priest (ally target), a friendly hound (summoned) and a
friendly white imp (summoned).

Vanquished Creatures
  Sigmund (D:3)
  A dart slug (D:3)
  An orc (D:3)
  A ball python (D:2)
  2 bats
  3 endoplasms
  A giant cockroach (D:2)
  3 hobgoblins (D:1)
  3 quokkas
  3 frilled lizards
  3 goblins
  2 kobolds (D:2)
24 creatures vanquished.

Vanquished Creatures (collateral kills)
  Jessica (D:2)
  A gnoll (D:1)
  3 orcs (D:3)
  4 endoplasms (D:1)
  A giant cockroach (D:2)
  A goblin (D:1)
  3 hobgoblins (D:1)
  2 kobolds
  A quokka (D:1)
  2 ball pythons
  A bat (D:1)
  2 rats (D:1)
22 creatures vanquished.

Grand Total: 46 creatures vanquished

Notes
Turn   | Place    | Note
-------+----------+-------------------------------------------
     0 | D:1      | Nattfarinn the Barachi Summoner began the quest for the
                  | Orb.
     0 | D:1      | Reached XP level 1. HP: 13/13 MP: 3/3
   286 | D:1      | Reached skill level 5 in Summonings
   393 | D:1      | Reached XP level 2. HP: 5/19 MP: 0/5
   655 | D:1      | Reached skill level 1 in Armour
  1099 | D:1      | Learned a level 2 spell: Call Imp
  1413 | D:1      | Reached XP level 3. HP: 25/25 MP: 4/6
  1721 | D:2      | Learned a level 3 spell: Call Canine Familiar
  2182 | D:2      | Noticed Jessica
  2185 | D:2      | Killed Jessica
  2186 | D:2      | Reached skill level 1 in Fighting
  2186 | D:2      | Reached skill level 1 in Shields
  2443 | D:2      | Found a faded altar of an unknown god.
  2973 | D:3      | Noticed Sigmund
  3027 | D:3      | Reached XP level 4. HP: 29/32 MP: 7/7
  3253 | D:3      | Killed Sigmund
  3254 | D:3      | Reached XP level 5. HP: 39/39 MP: 1/8
  3464 | D:3      | HP: 1/39 [orc priest (3)]
  3474 | D:3      | Slain by an orc priest

Illustrated notes

Levels and vault maps discovered:
D:1:      dpeg_arrival_boxorama, layout_basic, grunt_decor_mini_mirrors,
          minmay_circled_x
D:2:      layout_basic, hellmonk_ecumenical_altar_crossroads, uniq_jessica
D:3:      cheibrodos_pilgrimage, layout_loops_ring, uniq_sigmund, uniq_terence,
          uniq_ijyb

Skill      XL: |  1  2  3  4 |
---------------+-------------+-----
Summonings     | 5 |  5.4
Armour         | 1 |  1.2
Fighting       | 1 2 |  2.5
Shields        | 1 3 |  3.3
Dodging        | |  2.3
Stealth        | |  1.7
Spellcasting   | |  2.5

Action                   |  1- 3 |  4- 6 || total
-------------------------+-------+-------++-------
Melee: Short sword       |    63 |       ||    63
       Scythe            |       |     5 ||     5
 Cast: Summon Small Mamm |    30 |       ||    30
       Call Imp          |    15 |    18 ||    33
       Call Canine Famil |       |     7 ||     7
 Abil: Hop               |     1 |     1 ||     2
Evoke: Wand              |       |     1 ||     1
  Use: Scroll            |       |     2 ||     2
       Potion            |       |     2 ||     2
 Stab: Sleeping          |     1 |       ||     1
Armor: Robe              |    15 |     3 ||    18
Dodge: Dodged            |    46 |    10 ||    56

Table legend: (Time is in decaauts)
 A = Elapsed time spent in this place.
 B = Non-inter-level travel time spent in this place.
 C = Inter-level travel time spent in this place.
 D = Time resting spent in this place.
 E = Time spent auto-exploring this place.
 F = Levels seen in this place.
 G = Mean time per level.
                   A        B        C        D        E       F      G
               +--------+--------+--------+--------+--------+-----+--------+
         Total |   3824 |   3681 |    143 |    644 |   2473 |   3 | 1274.7 |
       Dungeon |   3824 |   3681 |    143 |    644 |   2473 |   3 | 1274.7 |
               +--------+--------+--------+--------+--------+-----+--------+

Top non-repeatable levels by time:
     D:1: 1565 daAuts
     D:2: 1479 daAuts
     D:3: 779 daAuts
